 Dungeon Crawl Stone Soup version 0.31-a0-210-gccc998df9b (webtiles) character file.

Game seed: 127281710581380677

23372 Gargoyl the Carver (level 13, -15/82 HPs)
             Began as a Gargoyle Berserker on June 30, 2023.
             Was an Elder of Trog.
             Demolished by a pharaoh ant (21 damage)
             ... on level 3 of the Lair of Beasts.
             The game lasted 00:14:45 (11971 turns).

Gargoyl the Carver (Gargoyle Berserker)            Turns: 11971, Time: 00:14:46

Health: -15/82     AC: 28    Str: 21    XL:     13   Next: 6%
Magic:  13/13      EV: 13    Int:  9    God:    Trog [****..]
Gold:   702        SH:  0    Dex: 13    Spells: 12/12 levels left

rFire   . . .        q - +7 Throatcutter {drain, coup de grace}
rCold   . . .        (no shield)
rNeg    + . .        d - +2 ring mail "Fiotsatu" {Stlth+}
rPois   ∞            a - +1 helmet
rElec   +            i - +1 cloak
rCorr   .            (no gloves)
SInv    +            x - +0 pair of boots
Will    .....        (no amulet)
Stlth   ++++         u - +4 ring of protection
HPRegen 0.33/turn    h - ring of see invisible
MPRegen 0.13/turn

%: no passive effects
@: no status effects
A: sickness immunity, AC +9, negative energy resistance 1, electricity
resistance, torment resistance 1, petrification resistance
a: Renounce Religion, Berserk, Trog's Hand, Brothers in Arms


You were on level 3 of the Lair of Beasts.
You worshipped Trog.
Trog was greatly pleased with you.
You visited 2 branches of the dungeon, and saw 13 of its levels.

You collected 876 gold pieces.
You spent 174 gold pieces at shops.

Inventory:

Hand Weapons
 q - the +7 Throatcutter (weapon) {drain, coup de grace}
   (You found it on level 5 of the Dungeon)
 v - a +3 hand axe of flaming
Missiles
 g - 26 poisoned darts (quivered)
Armour
 a - a +1 helmet (worn)
 d - the +2 ring mail "Fiotsatu" (worn) {Stlth+}
   (You found it on level 2 of the Dungeon)

   Stlth:     It makes you more stealthy.
 i - a +1 cloak (worn)
 x - a +0 pair of boots (worn)
Jewellery
 h - a ring of see invisible (right hand)
 p - an amulet of magic regeneration
 u - a +4 ring of protection (left hand)
Wands
 c - a wand of mindburst (10)
 f - a wand of quicksilver (5)
 r - a wand of roots (23)
 y - a wand of digging (3)
Scrolls
 b - a scroll of blinking
 o - 3 scrolls of teleportation
 B - a scroll of acquirement {unknown}
 C - a scroll of identify
Potions
 e - a potion of lignification
 j - a potion of cancellation
 k - 3 potions of haste
 l - 2 potions of curing
 m - a potion of invisibility
 n - 2 potions of mutation {unknown}
 s - 2 potions of experience {unknown}
 t - a potion of heal wounds {unknown}
 w - a potion of magic {unknown}
 z - a potion of ambrosia {unknown}
 A - a potion of enlightenment {unknown}


   Skills:
 + Level 10.1 Fighting
 + Level 12.1 Long Blades
 + Level 7.4 Axes
 + Level 2.2 Throwing
 + Level 9.0 Armour
 + Level 6.4 Dodging
 + Level 7.4 Stealth


You had 12 spell levels left.
You didn't know any spells.
Your spell library was empty.

Dungeon Overview and Level Annotations

Branches:
Dungeon (10/15)            Temple (0/1) D:5            Lair (3/5) D:10
 Spider (0/4) Lair:3
  Swamp: Lair:2-3    Shoals: Lair:2-3       Orc: D:9-12

Altars:
Ashenzari
Cheibriados
Fedhas
Gozag
Kikubaaqudgha
Makhleb
Nemelex Xobeh
Okawaru
Qazlal
Trog
Wu Jian
Zin

Shops:
D:1 :   D:4 **   D:8 *(


Innate Abilities, Weirdness & Mutations

You are immune to sickness and miasma.
Your stone body is resilient. (AC +9)
You are immune to poison.
You resist negative energy. (rN+)
You are resistant to electric shocks. (rElec)
You are resistant to unholy torment.
You are immune to petrification.


Message History

You put the water moccasin out of its misery!
You kill the water moccasin!
Trog accepts your kill.
A jumping spider comes into view.
The pharaoh ant bites you!!
The jumping spider's many legs skitter faintly.
The jumping spider leaps!
The pharaoh ant bites you but does no damage.
You see here a water moccasin corpse.
You barely miss the pharaoh ant. The pharaoh ant closely misses you.
The redback barely misses you.
Unknown command.
You closely miss the pharaoh ant. The pharaoh ant closely misses you.
The redback bites you but does no damage.
You hit the pharaoh ant.
The pharaoh ant is lightly damaged.
The pharaoh ant barely misses you. The redback bites you.
The pharaoh ant bites you.
Unknown command.
You hit the pharaoh ant.
The pharaoh ant is lightly damaged.
The redback barely misses you. The pharaoh ant bites you!!
The redback misses you.
You closely miss the pharaoh ant.
The pharaoh ant is lightly damaged.
The pharaoh ant bites you!
* * * LOW HITPOINT WARNING * * *
The redback bites you but does no damage.
Unknown command.
You slash the pharaoh ant!
The pharaoh ant is heavily damaged.
The redback bites you!
* * * LOW HITPOINT WARNING * * *
The pharaoh ant bites you but does no damage.
Unknown command.
You slash the pharaoh ant!
The pharaoh ant is severely damaged.
The jumping spider leaps!
The redback barely misses you. The pharaoh ant bites you!!
You die...

..#.#####..## ...
...#...............
....##..................
#s..#...#...####..#.##..
#.#[....#.....##...#.P.#
#...........#..........#
....>.......###....##.†#
#.....s.# ..#.....#####.
#...B@###...#....# #.
#...#?○.#...P##...## #.
. #.#......###...# #.
#.........#...## #.
#...P###........# #.
.....P #####.>...# #)
...### ##...#.# #. ..#
....##.#.. .. #.....#..


You could see a pharaoh ant, a jumping spider and a redback.

Vanquished Creatures
  Gastronok (Lair:2)
  A hydra (Lair:3)
  Erica (D:10)
  A catoblepas (Lair:2)
  2 two-headed ogres
  The ghost of flt the Changer, a novice DgTm (D:7)
  Pikel (D:7)
  A black mamba (Lair:1)
  5 cane toads
  An orange demon (D:10)
  6 komodo dragons
  A kobold demonologist (D:10)
  2 trolls (D:10)
  Grinder (D:3)
  48 yaks
  A wraith (D:9)
  3 wyverns
  3 steam dragons
  6 water moccasins
  4 ice beasts
  2 black bears (D:6)
  An orc warrior (D:7)
  3 sky beasts (D:7)
  5 centaurs
  An ogre (D:6)
  4 wolves (Lair:1)
  2 lemures (D:7)
  11 bullfrogs
  7 kobold brigands
  2 gnoll sergeants
  2 scorpions
  3 wights (D:8)
  A howler monkey (D:8)
  3 lava snakes (D:8)
  3 jellies
  A gnoll bouda (D:9)
  4 hounds
  3 orc priests
  An iguana (D:5)
  2 sleepcaps
  5 orc wizards
  A centaur simulacrum (D:7)
  A killer bee simulacrum (D:7)
  11 adders
  11 gnolls
  2 shadow imps
  3 white imps (D:7)
  An ufetubus (D:5)
  A worm (D:3)
  5 dart slugs
  12 orcs
  6 ball pythons
  14 endoplasms
  8 giant cockroaches
  4 goblins
  7 hobgoblins
  3 jackals
  4 quokkas
  6 bats
  3 frilled lizards
  13 kobolds
  6 rats
278 creatures vanquished.

Vanquished Creatures (collateral kills)
  Amaemon (D:10)
  5 yaks
6 creatures vanquished.

Vanquished Creatures (others)
  An orc wizard (D:5)
  4 kobolds (D:7)
5 creatures vanquished.

Grand Total: 289 creatures vanquished

Notes
Turn   | Place    | Note
-------+----------+-------------------------------------------
     0 | D:1      | Gargoyl the Gargoyle Berserker began the quest for the Orb.
     0 | D:1      | Reached XP level 1. HP: 14/14 MP: 1/1
    54 | D:1      | Found Yhionyuj's Book Shoppe.
   189 | D:1      | Reached XP level 2. HP: 19/19 MP: 2/2
   420 | D:1      | Reached XP level 3. HP: 23/24 MP: 3/3
   422 | D:1      | Found a faded altar of an unknown god.
   425 | D:1      | Reached ** piety under Trog
   999 | D:2      | Reached XP level 4. HP: 29/29 MP: 4/4
  1016 | D:2      | Identified the +0 chain mail of the Cuttlefish {rN+ MP+9}
  1137 | D:2      | Identified the +2 ring mail "Fiotsatu" {Stlth+}
  1213 | D:2      | Identified the +5 rapier "Jedi" {heavy, rCorr}
  1484 | D:3      | Found a snail-covered altar of Cheibriados.
  1513 | D:3      | Reached XP level 5. HP: 22/33 MP: 5/5
  1629 | D:3      | Found a bloodstained altar of Trog.
  2110 | D:3      | Reached XP level 6. HP: 38/38 MP: 6/6
  2173 | D:3      | Noticed Grinder
  2193 | D:3      | Killed Grinder
  2194 | D:3      | Reached skill level 1 in Stealth
  2397 | D:3      | Found a sparkling altar of Nemelex Xobeh.
  2568 | D:4      | Reached XP level 7. HP: 40/44 MP: 7/7
  2674 | D:4      | Found a burning altar of Makhleb.
  2727 | D:4      | Found Pejuafil's Practical Paraphernalia.
  2915 | D:4      | Found Beezixko's Assorted Antiques.
  3150 | D:4      | Reached *** piety under Trog
  3151 | D:4      | Reached skill level 5 in Axes
  3645 | D:5      | Entered Level 5 of the Dungeon
  3718 | D:5      | Found a staircase to the Ecumenical Temple.
  3766 | D:5      | Found the +7 Throatcutter {drain, coup de grace}
  3780 | D:5      | Reached XP level 8. HP: 48/48 MP: 8/8
  3781 | D:5      | Reached skill level 5 in Armour
  4076 | D:5      | Found a broken altar of Ashenzari.
  4245 | D:5      | Reached skill level 5 in Fighting
  4622 | D:6      | Noticed a komodo dragon
  4628 | D:6      | Killed a komodo dragon
  4629 | D:6      | Reached skill level 1 in Long Blades
  4673 | D:6      | Reached skill level 2 in Long Blades
  4761 | D:6      | Reached XP level 9. HP: 54/54 MP: 9/9
  4840 | D:6      | Found a glowing silver altar of Zin.
  4910 | D:6      | Found an opulent altar of Gozag.
  4932 | D:6      | Reached skill level 3 in Long Blades
  5027 | D:6      | Found a blossoming altar of Fedhas.
  5206 | D:6      | Found an ornate altar of the Wu Jian Council.
  5514 | D:7      | Noticed a two-headed ogre
  5518 | D:7      | Killed a two-headed ogre
  5519 | D:7      | Reached skill level 4 in Long Blades
  5636 | D:7      | Found a stormy altar of Qazlal.
  5694 | D:7      | Found a runed translucent gate.
  5694 | D:7      | Found a runed translucent gate.
  5699 | D:7      | Reached skill level 5 in Long Blades
  5699 | D:7      | Reached skill level 5 in Stealth
  5747 | D:7      | Found a runed translucent gate.
  6080 | D:7      | Noticed Pikel
  6097 | D:7      | Killed Pikel
  6098 | D:7      | Reached XP level 10. HP: 46/61 MP: 10/10
  6149 | D:7      | Reached skill level 6 in Long Blades
  6629 | D:7      | Reached **** piety under Trog
  6755 | D:7      | Noticed flt's ghost (novice DgTm)
  6808 | D:7      | Killed flt's ghost
  6809 | D:7      | Reached skill level 7 in Long Blades
  7145 | D:8      | Reached skill level 1 in Throwing
  7158 | D:8      | Found Etemif's Overcharged Wands.
  7283 | D:8      | Found Ten Gihe's Antique Weapon Shoppe.
  7295 | D:8      | Bought a runed hand axe for 174 gold pieces
  7511 | D:9      | Reached skill level 8 in Long Blades
  7563 | D:9      | Reached skill level 5 in Dodging
  7575 | D:9      | Reached XP level 11. HP: 52/66 MP: 11/11
  7641 | D:9      | Found an ancient bone altar of Kikubaaqudgha.
  7803 | D:9      | Reached skill level 9 in Long Blades
  7928 | D:9      | Found an iron altar of Okawaru.
  8535 | D:10     | Entered Level 10 of the Dungeon
  8543 | D:10     | Noticed a two-headed ogre
  8555 | D:10     | Killed a two-headed ogre
  8859 | D:10     | Noticed Erica
  8870 | D:10     | Killed Erica
  9051 | D:10     | Identified the +10 rapier "Wecilost" {protect, MP+9 Dex+3}
  9163 | D:10     | Noticed Amaemon
  9174 | D:10     | Killed Amaemon
  9361 | D:10     | Found a staircase to the Lair.
  9407 | Lair:1   | Entered Level 1 of the Lair of Beasts
  9412 | Lair:1   | Reached skill level 10 in Long Blades
  9503 | Lair:1   | Reached XP level 12. HP: 52/75 MP: 12/12
  9942 | Lair:1   | Reached skill level 11 in Long Blades
 11434 | Lair:2   | Noticed a catoblepas
 11450 | Lair:2   | Killed a catoblepas
 11664 | Lair:2   | Noticed Gastronok
 11682 | Lair:2   | Killed Gastronok
 11683 | Lair:2   | Reached skill level 10 in Fighting
 11683 | Lair:2   | Reached skill level 12 in Long Blades
 11683 | Lair:2   | Reached XP level 13. HP: 79/82 MP: 13/13
 11960 | Lair:3   | Found a hole to the Spider Nest.
 11971 | Lair:3   | Demolished by a pharaoh ant

Illustrated notes

Levels and vault maps discovered:
D:1:      erik_arrival_triangle_small, layout_basic,
          hellmonk_ecumenical_altar_arch_garden, serial_shops,
          nicolae_book_shop_shelving, serial_bayou_pond_b
D:2:      layout_rooms, minmay_quadrilaterals
D:3:      layout_loops_ring, trog_three_pillars_becter, marbit_many_paths,
          kennysheep_slug_shrine, minmay_joined_circles, uniq_grinder
D:4:      layout_loops_corners, makhleb_blood_cavern_becter, serial_shops, shop,
          kennysheep_minor_cross, nicolae_alphabet_shops
D:5:      layout_loops_corners, cheibrodos_ashenzari_chains, temple_pool_b,
          dilly_guarded_unrand_throatcut
D:6:      layout_loops_cross, lemuel_round_altar, mainiacjoe_overflow_boulevard,
          nicolae_gozag_cash_rules_everything_around_me,
          nicolae_overflow_crystal_walls
D:7:      layout_loops_ring, mainiacjoe_overflow_tiny_flanked,
          gammafunk_ghost_icy, lemuel_flame_loot_1, uniq_pikel
D:8:      layout_rooms, serial_shops, nicolae_shop_gibbet_a_chance,
          grunt_decor_junction, grunt_ministairs_15,
          amcnicky_mini_rare_corridor_liquid, nicolae_shop_overcharged_wands
D:9:      layout_layer_cave, mainiacjoe_overflow_catwalk,
          hellmonk_okawaru_the_only_friend_you_need, minmay_misc_feat_doors,
          chequers_garden
D:10:     hellmonk_ruined_rings, layout_basic, lair_entry_dummy, uniq_erica,
          uniq_amaemon
Lair:1:   layout_loops_ring, serial_bayou_shore_b, lemuel_fruit_tree
Lair:2:   layout_regular_city, grunt_megastairs_3, uniq_gastronok
Lair:3:   layout_loops_ring, nicolae_swamp_entry_spooky,
          nicolae_spider_entry_lesser_pyramids

Skill      XL: |  1  2  3  4  5  6  7  8  9 10 11 12 13 |
---------------+----------------------------------------+-----
Axes           | 3 4 5 6 7 |  7.4
Dodging        | 2 3 4 5 6 |  6.4
Armour         | 3 4 5 6 7 8 9 |  9.0
Fighting       | 4 5 6 8 10 | 10.1
Stealth        | 1 2 3 5 6 7 |  7.4
Long Blades    | 2 5 8 10 12 | 12.1
Throwing       | 2 |  2.2

Action                     |  1- 3 |  4- 6 |  7- 9 | 10-12 | 13-15 || total
---------------------------+-------+-------+-------+-------+-------++-------
  Melee: Hand axe          |   115 |   197 |    91 |    28 |     5 ||   436
         Punch             |       |     1 |     2 |     9 |       ||    12
         Long sword        |       |       |    98 |   479 |    11 ||   588
  Throw: Dart              |       |       |       |     5 |       ||     5
 Invoke: Berserk           |     1 |     3 |     3 |     5 |       ||    12
         Trog's Hand       |       |     3 |       |    10 |       ||    13
         Brothers in Arms  |       |       |       |     3 |       ||     3
    Use: Scroll            |     1 |     6 |     4 |     4 |     1 ||    16
         Potion            |       |       |       |     5 |       ||     5
   Stab: Sleeping          |       |     6 |     8 |    12 |       ||    26
 Armour: Animal skin       |    19 |       |       |       |       ||    19
         Scale mail        |    38 |     1 |       |       |       ||    39
         Ring mail         |       |    98 |   107 |   350 |    16 ||   571
         Chain mail        |       |     4 |       |       |       ||     4
  Dodge: Dodged            |    97 |   124 |   118 |   406 |    17 ||   762

Table legend: (Time is in decaauts)
 A = Elapsed time spent in this place.
 B = Non-inter-level travel time spent in this place.
 C = Inter-level travel time spent in this place.
 D = Time resting spent in this place.
 E = Time spent auto-exploring this place.
 F = Levels seen in this place.
 G = Mean time per level.
                   A        B        C        D        E       F      G
               +--------+--------+--------+--------+--------+-----+--------+
         Total |  12113 |  11793 |    320 |    531 |   8450 |  13 |  931.8 |
       Dungeon |   9579 |   9303 |    276 |    344 |   6714 |  10 |  957.9 |
          Lair |   2534 |   2491 |     43 |    187 |   1736 |   3 |  844.7 |
               +--------+--------+--------+--------+--------+-----+--------+

Top non-repeatable levels by time:
     D:7: 1471 daAuts
  Lair:1: 1460 daAuts
     D:4: 1120 daAuts
     D:3: 1076 daAuts
     D:9: 1034 daAuts
  Lair:2: 993 daAuts
     D:5: 958 daAuts
    D:10: 888 daAuts
     D:6: 878 daAuts
     D:1: 850 daAuts
     D:2: 680 daAuts
     D:8: 621 daAuts
  Lair:3: 80 daAuts
